 Dungeon Crawl Stone Soup version 0.30.0-29-ga12c61a403 (webtiles) character file.

Game seed: 6086745824249316476

312 qw the Chopper (level 6, -12/38 HPs)
             Began as a Gargoyle Fighter on June 4, 2023.
             Mangled by an ogre
             ... wielding a +0 giant spiked club
              (29 damage)
             ... on level 4 of the Dungeon.
             The game lasted 00:01:45 (2978 turns).

qw the Chopper (Gargoyle Fighter)                   Turns: 2978, Time: 00:01:46

Health: -12/38     AC: 18    Str: 21    XL:     6   Next: 42%
Magic:  6/6        EV:  9    Int:  9    God:
Gold:   151        SH:  4    Dex:  9    Spells: 5/5 levels left

rFire   . . .        Y - +0 broad axe (freeze)
rCold   . . .        c - +0 buckler
rNeg    + . .        b - +0 scale mail
rPois   inf          (no helmet)
rElec   +            o - +0 cloak
rCorr   .            (no gloves)
SInv    .            h - +1 pair of boots
Will    .....        (no amulet) Stlth
                     f - +4 ring of protection
HPRegen 0.26/turn    (no ring)
MPRegen 0.10/turn

%: no passive effects
@: no status effects
A: sickness immunity, AC +4, negative energy resistance 1, electricity
resistance, torment resistance 1, petrification resistance
a: no special abilities


You were on level 4 of the Dungeon.
You visited 2 branches of the dungeon, and saw 5 of its levels.

You collected 151 gold pieces.


Innate Abilities, Weirdness & Mutations

You are immune to sickness and miasma.
Your stone body is resilient. (AC +4)
You are immune to poison.
You resist negative energy. (rN+)
You are resistant to electric shocks. (rElec)
You are resistant to unholy torment.
You are immune to petrification.


   Skills:
 - Level 4.0 Fighting
 + Level 5.4 Axes
 - Level 3.2 Armour
 - Level 1.1 Dodging
 - Level 3.2 Shields


You had 5 spell levels left.
You didn't know any spells.
Your spell library was empty.

Inventory:

Hand Weapons
 n - a +0 flail
 t - a +2 mace
 Y - a +0 broad axe of freezing (weapon)
Armour
 b - a +0 scale mail (worn)
 c - a +0 buckler (worn)
 h - a +1 pair of boots (worn)
 o - a +0 cloak (worn)
Jewellery
 f - a +4 ring of protection (left hand)
Scrolls
 e - 2 scrolls of teleportation
 m - a scroll of identify
Potions
 a - a potion of attraction
 d - 3 potions of might
 g - 2 potions of cancellation {unknown}
 i - a potion of curing
 j - a potion of brilliance {unknown}
 k - a potion of haste {unknown}
 l - a potion of resistance {unknown}

Dungeon Overview and Level Annotations

Branches:
Dungeon (4/15)             Temple (1/1) D:4

Altars:
Ashenzari
Dithmenos
Fedhas
Makhleb
Nemelex Xobeh
Qazlal
Ru
Sif Muna
Trog
Uskayaw
Vehumet
Wu Jian
Xom
Yredelemnul
Zin
The Shining One


Message History

You closely miss the giant cockroach. The giant cockroach barely misses you.
You hit the giant cockroach. You freeze the giant cockroach.
The giant cockroach is heavily wounded.
You block the giant cockroach's attack.
The giant cockroach completely misses you.
You barely miss the giant cockroach.
The giant cockroach is heavily wounded.
The giant cockroach barely misses you.
The giant cockroach bites you but does no damage.
You slash the giant cockroach! You freeze the giant cockroach.
You kill the giant cockroach!
The howler monkey hoots and howls with incredible vigour!
The ogre hits you with a +0 giant spiked club!
You hit the ogre but do no damage. You barely miss the ogre.
The jackal barks!
The ogre barely misses you.
The howler monkey hoots and howls with incredible vigour!
You barely miss the ogre. The ogre hits you but does no damage.
You barely miss the ogre. The ogre hits you but does no damage.
You barely miss the ogre. The ogre barely misses you.
You barely miss the ogre.
The ogre hits you with a +0 giant spiked club!
You completely miss the ogre. The ogre barely misses you.
You hit the ogre. You freeze the ogre.
The ogre is lightly wounded.
The ogre barely misses you.
You hit the ogre. You freeze the ogre.
The ogre is moderately wounded.
The ogre barely misses you.
You closely miss the ogre.
The ogre is moderately wounded.
The ogre hits you with a +0 giant spiked club!!
Ouch! That really hurt!
You die...

.....##### .......#..........##.
.##.## .....###...##........
.#..######### ..................
##..........#######.............
##..#.#..#.).....#.........##..
##...#..##.)#.#.#.###.......##..
.....#).##..#..#..###.##.##.....#
.....#.#..#.#.#.#.#......##......
.....#......#...@.#......#......
.....###########O##......%...#.#
.....#.. .g#h hh#........####.##
.....#.. .#O B##.#.........#....#
.....##+ . ##.###.##....#.....
.....# ## ..# #####.........
.....####..### #####.....#.......
..... ..#..<.. #.##...#.###......
#...........(. #......### ##.#..#


You could see an ogre, a howler monkey and a jackal.

Vanquished Creatures
  A hound (D:4)
  A jelly (D:4)
  Jessica (D:3)
  An iguana (D:4)
  A sleepcap (D:4)
  An orc wizard (D:4)
  A gnoll (D:3)
  4 adders
  6 worms
  2 dart slugs
  7 orcs
  6 bats
  2 endoplasms
  3 giant cockroaches
  7 goblins
  3 hobgoblins
  12 jackals
  2 quokkas (D:4)
  2 ball pythons
  4 frilled lizards
  6 kobolds
  5 rats
78 creatures vanquished.

Notes
Turn   | Place    | Note
-------+----------+-------------------------------------------
     0 | D:1      | qw the Gargoyle Fighter began the quest for the Orb.
     0 | D:1      | Reached XP level 1. HP: 14/14 MP: 1/1
     0 | D:1      | 0 ||| qw: Version: 0.2-a-107-g4668610
     0 | D:1      | 0 ||| qw: Game counter: 1223
     0 | D:1      | 0 ||| qw: Always use a shield: true
     0 | D:1      | 0 ||| qw: God list: Okawaru
     0 | D:1      | 0 ||| qw: Allow faded altars: false
     0 | D:1      | 0 ||| qw: Do Orc after D:15 true
     0 | D:1      | 0 ||| qw: Do second Lair branch before Depths: true
     0 | D:1      | 0 ||| qw: Lair rune preference: random
     0 | D:1      | 0 ||| qw: Plans: Normal, Zot:1-4, Slime:5, God:TSO, Crypt,
                  | Tomb, Abyss, Pan, Hells, Win
     0 | D:1      | 0 ||| PLANNING D:1-11
    27 | D:1      | 27 ||| Stepping ~*~*~tactically~*~*~ (hiding).
    29 | D:1      | 29 ||| Stepping ~*~*~tactically~*~*~ (hiding).
    36 | D:1      | Reached skill level 2 in Axes
   244 | D:1      | Reached XP level 2. HP: 17/19 MP: 2/2
   774 | D:1      | 774 ||| UPGRADING to +0 pair of boots.
   779 | D:1      | 779 ||| READING scroll labelled UKOSEAXK BEDO.
   780 | D:1      | 780 ||| READING scroll labelled UCEPHU CEFYR.
   781 | D:1      | 781 ||| READING scroll labelled DUNARETOVO.
   782 | D:1      | 782 ||| READING scroll labelled WAES JAELEIW.
   786 | D:1      | 786 ||| READING scroll labelled UGGODGHETAE.
   787 | D:1      | 787 ||| DRINKING 2 smoky black potions.
   842 | D:2      | Reached skill level 3 in Axes
   901 | D:2      | Reached XP level 3. HP: 21/23 MP: 3/3
  1194 | D:2      | 1194 ||| Stepping ~*~*~tactically~*~*~ (stealth).
  1195 | D:2      | 1195 ||| Stepping ~*~*~tactically~*~*~ (hiding).
  1392 | D:2      | Reached XP level 4. HP: 28/28 MP: 4/4
  1500 | D:2      | Found a burning altar of Makhleb.
  1663 | D:2      | 1663 ||| UPGRADING to +0 cloak.
  1668 | D:2      | 1668 ||| READING 2 scrolls labelled VANKOV LUF GIRI.
  1669 | D:2      | 1669 ||| READING scroll labelled OGYM GIGIMP.
  1669 | D:2      | Identified a scroll of acquirement
  1669 | D:2      | 1669 ||| ACQUIRING +0 broad axe of venom
  1669 | D:2      | Acquired a +0 broad axe of venom
  1671 | D:2      | 1671 ||| SWAPPING to +0 broad axe of venom.
  1672 | D:2      | 1672 ||| DROPPING +0 war axe.
  1673 | D:2      | 1673 ||| DROPPING scroll of fog.
  1790 | D:3      | 1790 ||| Stepping ~*~*~tactically~*~*~ (stealth).
  1804 | D:3      | Found a sparkling altar of Nemelex Xobeh.
  1842 | D:3      | 1842 ||| Stepping ~*~*~tactically~*~*~ (hiding).
  1845 | D:3      | 1845 ||| Stepping ~*~*~tactically~*~*~ (hiding).
  1924 | D:3      | 1924 ||| Stepping ~*~*~tactically~*~*~ (stealth).
  1932 | D:3      | Reached skill level 4 in Axes
  2102 | D:3      | 2102 ||| Stepping ~*~*~tactically~*~*~ (stealth).
  2121 | D:3      | Identified the +3 leather armour "Sipoate" {Str+5 Slay-6}
  2168 | D:3      | Noticed Jessica
  2169 | D:3      | 2169 ||| Stepping ~*~*~tactically~*~*~ (hiding).
  2173 | D:3      | Found a shimmering blue altar of Sif Muna.
  2176 | D:3      | Killed Jessica
  2206 | D:3      | Reached XP level 5. HP: 31/32 MP: 5/5
  2211 | D:3      | 2211 ||| DROPPING +0 mace.
  2221 | D:3      | Found a bloodstained altar of Trog.
  2284 | D:3      | 2284 ||| DROPPING +3 leather armour "Sipoate" {Str+5
                  | Slay-6}.
  2285 | D:3      | 2285 ||| READING scroll labelled BIRU YPHOULONT.
  2286 | D:3      | 2286 ||| READING scroll labelled ROQUJY ZYFUSUK.
  2387 | D:3      | 2387 ||| READING scroll labelled ZIGRIU LEDDE.
  2388 | D:3      | 2388 ||| READING 3 scrolls of identify.
  2388 | D:3      | 2388 ||| IDENTIFYING sedimented amethyst potion
  2389 | D:3      | 2389 ||| READING 2 scrolls of identify.
  2389 | D:3      | 2389 ||| IDENTIFYING ruby potion
  2390 | D:3      | 2390 ||| DROPPING potion of flight.
  2526 | D:4      | Reached skill level 5 in Axes
  2544 | D:4      | Found a staircase to the Ecumenical Temple.
  2545 | D:4      | 2545 ||| PLANNING TEMPLE
  2545 | D:4      | 2545 ||| UPGRADING to +4 ring of protection.
  2546 | D:4      | 2546 ||| READING scroll labelled DISHROSS ZEGU.
  2574 | Temple   | Entered the Ecumenical Temple
  2600 | Temple   | 2600 ||| PLANNING D:1-11
  2631 | D:4      | 2631 ||| READING scroll of enchant armour.
  2631 | D:4      | 2631 ||| ENCHANTING +0 pair of boots.
  2663 | D:4      | 2663 ||| Stepping ~*~*~tactically~*~*~ (stealth).
  2664 | D:4      | 2664 ||| Stepping ~*~*~tactically~*~*~ (hiding).
  2672 | D:4      | Reached XP level 6. HP: 37/38 MP: 6/6
  2713 | D:4      | 2713 ||| Stepping ~*~*~tactically~*~*~ (stealth).
  2722 | D:4      | 2722 ||| Stepping ~*~*~tactically~*~*~ (hiding).
  2735 | D:4      | Reached skill level 1 in Dodging
  2862 | D:4      | Found a basalt altar of Yredelemnul.
  2866 | D:4      | Found a stormy altar of Qazlal.
  2870 | D:4      | Found a shadowy altar of Dithmenos.
  2978 | D:4      | Mangled by an ogre

Levels and vault maps discovered:
D:1:      saegor_arrival_simple_d, layout_loops_ring
D:2:      layout_loops_ring, basic_altar
D:3:      layout_basic, nzn_overflow_gifts_of_might_and_magic,
          mainiacjoe_overflow_six_doors_small, chequers_serial_rivers_micro_b
D:4:      minmay_clustersquares, layout_cave_pools,
          grunt_temple_overflow_diamond, minmay_temple_entry_large_hall
Temple:   nicolae_temple_ecumenical_triangle

Skill      XL: |  1  2  3  4  5  6 |
---------------+-------------------+-----
Axes           | 2 3 4 5 |  5.4
Fighting       | 4 |  4.0
Dodging        | 1 |  1.1
Armour         | |  3.2
Shields        | |  3.2

Action                     |  1- 3 |  4- 6 || total
---------------------------+-------+-------++-------
  Melee: War axe           |   111 |     4 ||   115
         Broad axe         |       |   156 ||   156
    Use: Scroll            |     5 |     9 ||    14
         Potion            |     1 |       ||     1
 Armour: Scale mail        |    60 |    90 ||   150
  Dodge: Dodged            |    43 |    78 ||   121
  Block: Buckler           |    14 |    32 ||    46

Table legend:
 A = Non-vault XP
 B = Vault XP
 C = Vault XP percentage of total XP
 D = Non-vault monster count
 E = Vault monster count
 F = Vault count percentage of total count
                 A         B        C        D         E       F
            +---------+---------+-------+---------+---------+-------
      Total |     386 |      60 |  13.5 |      73 |       5 |   6.4
            +---------+---------+-------+---------+---------+-------
        D:1 |      26 |       0 |   0.0 |      13 |       0 |   0.0
        D:2 |      58 |       0 |   0.0 |      20 |       0 |   0.0
        D:3 |      40 |      51 |  56.0 |      16 |       2 |  11.1
        D:4 |     262 |       9 |   3.3 |      24 |       3 |  11.1
            +---------+---------+-------+---------+---------+-------
